 Dungeon Crawl Stone Soup version 0.28-b1 (webtiles) character file.

Game seed: 15559083552761863550

2893 Kaptain the Geomancer (level 9, -9/52 HPs)
             Began as a Gargoyle Earth Elementalist on Jan 26, 2022.
             Killed from afar by Maggie (31 damage)
             ... with a bolt of fire
             ... on level 7 of the Dungeon.
             The game lasted 00:19:43 (7820 turns).

Kaptain the Geomancer (Gargoyle Earth Elementalist) Turns: 7820, Time: 00:19:44

Health: -9/52      AC: 12    Str: 12    XL:     9   Next: 77%
Magic:  17/19      EV: 19    Int: 20    God:
Gold:   340        SH:  5    Dex: 10    Spells: 17/21 levels left

rFire   . . .      SeeInvis .   (weapon currently unavailable)
rCold   + . .      Faith    .   (shield currently unavailable)
rNeg    + + +      Spirit   .   (armour currently unavailable)
rPois   ∞          Reflect  +   (helmet currently unavailable)
rElec   .          Harm     .   (cloak currently unavailable)
rCorr   .          Rampage  .   (gloves currently unavailable)
Will    .....                   (boots currently unavailable)
Stlth   ++........              q - amulet of reflection
HPRegen 0.17/turn               l - ring of protection from cold
MPRegen 0.16/turn               (no ring)

@: fungus-form
A: melee confuse, terrified, no casting, sickness immunity, AC +6, tiny,
negative energy resistance 1, (electricity resistance), torment resistance 1,
petrification resistance
a: no special abilities


You were on level 7 of the Dungeon.
You were a sentient fungus.
You visited 1 branch of the dungeon, and saw 7 of its levels.
You also visited: Ossuary.

You collected 340 gold pieces.

Inventory:

Hand Weapons
 h - a +1 mace of protection
 t - a +0 flail of holy wrath
 y - a +2 vorpal long sword (melded)
 D - a +3 short sword of freezing
Missiles
 e - 26 stones
Armour
 i - a +1 pair of gloves (melded)
 j - a +0 helmet (melded)
 x - a +0 leather armour (melded)
Magical Staves
 C - a staff of death
 F - a staff of cold
Jewellery
 l - a ring of protection from cold (left hypha)
 n - a ring of ice
 q - an amulet of reflection (around neck)
 B - a ring of willpower
Wands
 o - a wand of flame (16)
 v - a wand of iceblast (9)
Scrolls
 c - a scroll of brand weapon
 f - 4 scrolls of teleportation
 r - 2 scrolls of enchant weapon
 u - 3 scrolls of immolation
 w - a scroll of blinking
Potions
 a - a potion of mutation
 b - 2 potions of haste
 d - 4 potions of heal wounds
 g - 2 potions of magic
 m - a potion of curing
 A - 3 potions of brilliance


   Skills:
 + Level 4.2 Fighting
 - Level 0.3 Maces & Flails
 + Level 4.3 Armour
 + Level 3.0 Dodging
 + Level 4.3 Stealth
 * Level 6.6 Spellcasting
 * Level 4.2 Conjurations
 - Level 0.7 Transmutations
 * Level 9.5 Earth Magic


You had 17 spell levels left.
You knew the following spells:

 Your Spells              Type           Power      Damage    Failure   Level
a - Sandblast             Erth           88%        2d18      1%          1
b - Stone Arrow           Conj/Erth      68%        3d11      1%          3

Your spell library contained the following spells:

 Spells                   Type           Power      Damage    Failure   Level
 Passwall                 Tmut/Erth      22%        N/A       1%          2
 Petrify                  Tmut/Erth      27%        N/A       12%         4


Dungeon Overview and Level Annotations

Branches:
Dungeon (7/15)            Ossuary (visited)
 Temple: D:4-7

Altars:
Cheibriados
Elyvilon
Fedhas
Nemelex Xobeh
Okawaru
Trog
Vehumet
Yredelemnul

Annotations:
D:7 Maggie


Innate Abilities, Weirdness & Mutations

You are a sentient fungus.
You are tiny and evasive.
Your melee attack releases spores that confuse breathing creatures.
You become terrified and freeze when enemies are visible.
Your armour is entirely melded.
You are incapable of wielding weapons or throwing items.
You cannot cast spells.
You are immune to sickness and miasma.
((Your stone body is resilient. (AC +6)))
You are immune to poison.
You resist negative energy. (rN+)
((You are resistant to electric shocks. (rElec)))
You are resistant to unholy torment.
You are immune to petrification.


Message History

Aiming: Sandblast (safe; 1% risk of failure)
Press: ? - help, Shift-Dir - straight line, f - Maggie
Aim: Maggie, wielding a +0 long sword of holy wrath, wearing +0 steam dragon scales and carrying a wand of polymorph (4) (83% to hit)
The blast of sand hits Maggie!
Maggie is moderately wounded.
Casting: Sandblast (safe; 1% risk of failure)
Confirm with . or Enter, or press ? or * to list all spells.
Aiming: Sandblast (safe; 1% risk of failure)
Press: ? - help, Shift-Dir - straight line, f/p - Maggie
Aim: Maggie, wielding a +0 long sword of holy wrath, wearing +0 steam dragon scales and carrying a wand of polymorph (4) (moderately wounded, 83% to hit)
The blast of sand hits Maggie!
Maggie is heavily wounded.
Maggie zaps a wand.
You turn into a sentient fungus.
Your +2 vorpal long sword melds into your body.
Your +0 helmet melds into your body.
Your +1 pair of gloves melds into your body.
Your +0 leather armour melds into your body.
Unknown command.
You're too terrified to move while being watched!
You're too terrified to move while being watched!
Unknown command.
You're too terrified to move while being watched!
Maggie is nearby!
You're too terrified to move while being watched!
You're too terrified to move while being watched!
You're too terrified to move while being watched!
You're too terrified to move while being watched!
You're too terrified to move while being watched!
You're too terrified to move while being watched!
You're too terrified to move while being watched!
You're too terrified to move while being watched!
You're too terrified to move while being watched!
You're too terrified to move while being watched!
Maggie points at you and mumbles some strange words.
The bolt of fire hits you!!
Ouch! That really hurt!
Maggie casts a spell at you. The bolt of fire hits you!!
Ouch! That really hurt!
You die...

...≈.≈..#
.≈.≈.≈..#
.≈_≈.≈..#
.≈≈≈.≈..#
....@≈..#
≈≈≈≈≈§..########
................
.......f#....#
#######......###.
####.........
#.....#.....
####.....# .....#
.........# ....#
###.####.## # .#
#. ###..#####.##
# #...........#


You could see Maggie.

Vanquished Creatures
  Duvessa (D:6)
  A water moccasin (D:5)
  An orc warrior (D:7)
  A sky beast (D:5)
  A black bear (D:5)
  A necrophage (D:5)
  2 ogres (D:6)
  A phantom (D:5)
  A centaur (D:6)
  Blork the orc (D:6)
  A bullfrog (D:6)
  9 scorpions (Ossuary)
  2 water moccasin zombies (D:6)
  A wyvern skeleton (D:7)
  Dowan (D:6)
  A water moccasin skeleton (D:6)
  3 centaur zombies
  A bullfrog zombie (D:5)
  A human zombie (Ossuary)
  3 jellies
  2 hounds (D:5)
  2 orc priests (D:5)
  7 iguanas
  5 scorpion zombies (Ossuary)
  An orc wizard (D:5)
  2 hound skeletons (D:5)
  3 mummies (Ossuary)
  10 gnolls
  A howler monkey skeleton (D:5)
  9 adders
  A shadow imp (D:5)
  3 white imps (D:6)
  2 ufetubi (D:5)
  3 worms
  6 orcs
  7 endoplasms
  4 giant cockroaches
  6 hobgoblins
  2 jackals (D:2)
  3 kobolds
  3 quokkas
  7 ball pythons
  8 bats
  2 frilled lizards
  7 goblins
  A goblin zombie (Ossuary)
  2 hobgoblin zombies (Ossuary)
  A kobold zombie (Ossuary)
  4 orc zombies (Ossuary)
  12 rats
160 creatures vanquished.

Vanquished Creatures (others)
  A plant (D:4)
1 creature vanquished.

Grand Total: 161 creatures vanquished

Notes
Turn   | Place    | Note
-------+----------+-------------------------------------------
     0 | D:1      | Kaptain the Gargoyle Earth Elementalist began the quest for
                  | the Orb.
     0 | D:1      | Reached XP level 1. HP: 10/10 MP: 3/3
   453 | D:1      | Reached skill level 4 in Earth Magic
   453 | D:1      | Reached XP level 2. HP: 15/15 MP: 3/5
  1171 | D:1      | Reached XP level 3. HP: 18/20 MP: 6/6
  1175 | D:1      | Learned a level 3 spell: Stone Arrow
  1714 | D:2      | Reached skill level 1 in Fighting
  1714 | D:2      | Reached XP level 4. HP: 7/25 MP: 0/8
  1940 | D:2      | Found a bloodstained altar of Trog.
  2121 | D:2      | You fall into a shaft and drop 2 floors!
  2261 | D:3      | Found a white marble altar of Elyvilon.
  2325 | D:3      | Reached skill level 5 in Earth Magic
  2332 | D:3      | Reached XP level 5. HP: 24/29 MP: 0/9
  2470 | D:3      | Found a basalt altar of Yredelemnul.
  2568 | D:3      | Reached skill level 1 in Armour
  2868 | D:3      | Found an iron altar of Okawaru.
  3003 | D:4      | Identified the +7 mace "Ryotown" {antimagic, rElec}
  3234 | D:4      | Found a radiant altar of Vehumet.
  3346 | D:4      | Found a snail-covered altar of Cheibriados.
  3349 | D:4      | Reached XP level 6. HP: 35/35 MP: 7/10
  3524 | D:4      | Reached skill level 6 in Earth Magic
  3932 | D:5      | Entered Level 5 of the Dungeon
  4560 | D:5      | Noticed a black bear
  4563 | D:5      | Reached XP level 7. HP: 15/39 MP: 6/13
  4814 | D:5      | Reached skill level 7 in Earth Magic
  5026 | D:5      | Reached skill level 5 in Spellcasting
  5026 | D:5      | Reached XP level 8. HP: 40/45 MP: 11/15
  5098 | D:5      | Reached skill level 8 in Earth Magic
  5578 | D:6      | Reached skill level 1 in Conjurations
  5712 | D:6      | Noticed Blork the orc
  5717 | D:6      | Killed Blork the orc
  5992 | D:6      | Found a blossoming altar of Fedhas.
  6300 | D:6      | Reached XP level 9. HP: 51/51 MP: 13/18
  6331 | D:6      | Noticed Duvessa
  6335 | D:6      | Killed Duvessa
  6364 | D:6      | Noticed Dowan
  6366 | D:6      | Killed Dowan
  6984 | D:7      | Found a sand-covered staircase.
  6995 | Ossuary  | Entered an ossuary
  7052 | Ossuary  | Reached skill level 9 in Earth Magic
  7632 | D:7      | Noticed Maggie
  7814 | D:7      | Found a sparkling altar of Nemelex Xobeh.
  7820 | D:7      | Killed from afar by Maggie

Illustrated notes

Levels and vault maps discovered:
D:1:      dpeg_arrival_rooms_b, layout_loops_cross, serial_aquarium,
          aquarium_bridge_long_separate [aquarium_subvault_window,
          aquarium_subvault_bridge, aquarium_subvault_bridge,
          aquarium_subvault_bridge, aquarium_subvault_balcony,
          aquarium_subvault_wall], aquarium_window_corridor_3,
          aquarium_window_fake, aquarium_window_fake, aquarium_view_2d,
          aquarium_balcony_double_2
D:2:      layout_basic, basic_altar, minmay_strange_pillars
D:3:      layout_loops_ring, kennysheep_okawaru_gauntlet,
          general_overflow_altar, elyvilon_altar_5, minmay_misc_feat_pillars,
          mrwooster_statue_mirror
D:4:      layout_gridville, cheibriados_altar_1, lemuel_round_altar,
          gup_sewer_entry_spiral, serial_bayou, serial_bayou_pond_d,
          serial_bayou_ford_a, serial_bayou_lagoon_b, serial_bayou_pond_c
D:5:      minmay_chambers_of_threes, layout_loops_ring
D:6:      minmay_evil_eye, layout_layer_cave, mainiacjoe_overflow_brackets,
          tgw_xom, minivault_22, uniq_duvessa, uniq_blork_the_orc
D:7:      layout_basic, worldfamousw_hep_ancestral_shrine,
          mainiacjoe_overflow_surrounded_room, lightli_temple_of_fire,
          mainiacjoe_overflow_small_starburst,
          mainiacjoe_overflow_catwalk_spiral, minmay_temple_entry_grid,
          enter_ossuary_3, uniq_prince_ribbit1, uniq_joseph, uniq_harold,
          uniq_maggie

Skill      XL: |  1  2  3  4  5  6  7  8  9 |
---------------+----------------------------+-----
Earth Magic    | 4 5 6 7 8 9 |  9.5
Fighting       | 1 2 3 4 |  4.2
Spellcasting   | 3 4 5 6 |  6.6
Armour         | 1 2 3 4 |  4.3
Dodging        | 2 3 |  3.0
Conjurations   | 2 4 |  4.2
Stealth        | 3 4 |  4.3
Maces & Flails | |  0.3
Transmutations | |  0.7

Action                   |  1- 3 |  4- 6 |  7- 9 || total
-------------------------+-------+-------+-------++-------
Melee: Unarmed           |     7 |       |       ||     7
       Dagger            |     3 |       |       ||     3
       Mace              |     1 |     5 |     5 ||    11
       Long sword        |       |       |    61 ||    61
       Punch             |       |       |     1 ||     1
 Cast: Sandblast         |    51 |    78 |   128 ||   257
       Stone Arrow       |       |       |    13 ||    13
  Use: Scroll            |       |       |    20 ||    20
       Potion            |       |       |     1 ||     1
 Stab: Sleeping          |     1 |       |       ||     1
Armor: Robe              |     9 |     7 |    14 ||    30
       Leather armour    |       |       |    53 ||    53
Dodge: Dodged            |    19 |    19 |    78 ||   116
Block: Other             |       |       |    28 ||    28
